 Dungeon Crawl Stone Soup version 0.27-a0-1230-gfc7c993222 (webtiles) character file.

Game seed: 14040481251910264587

51 Delamore the Skirmisher (level 4, -1/37 HPs)
             Began as a Formicid Fighter on June 8, 2021.
             Was a Follower of Makhleb.
             Slain by an adder (3 damage)
             ... on level 2 of the Dungeon.
             The game lasted 00:01:37 (1521 turns).

Delamore the Skirmisher (Formicid Fighter)          Turns: 1521, Time: 00:01:37

Health: -1/37      AC:  6    Str: 21    XL:     4   Next: 7%
Magic:  4/4        EV:  8    Int:  8    God:    Makhleb [*.....]
Gold:   932        SH:  9    Dex: 10    Spells: 3/3 levels left

rFire    . . .     SeeInvis +   a - +0 trident
rCold    . . .     Faith    .   c - +0 kite shield
rNeg     . . .     Spirit   .   b - +0 scale mail
rPois    .         Reflect  .   (helmet unavailable)
rElec    .         Harm     .   (no cloak)
rCorr    .         Rampage  .   (no gloves)
Will     .....                  (no boots)
Stlth    ..........             (no amulet)
HPRegen  0.12/turn              (no ring)
MPRegen  0.09/turn              (no ring)

@: brilliant
A: permanent stasis, dig shafts and tunnels, antennae 3, four strong arms
a: Dig, Shaft Self, Renounce Religion


You were on level 2 of the Dungeon.
You worshipped Makhleb.
Makhleb was aware of your devotion.
You visited 1 branch of the dungeon, and saw 2 of its levels.

You collected 932 gold pieces.

Inventory:

Hand Weapons
 a - a +0 trident (weapon)
Missiles
 h - 13 poisoned darts
Armour
 b - a +0 scale mail (worn)
 c - a +0 kite shield (worn)
Scrolls
 e - a scroll of teleportation
 f - 2 scrolls of immolation
Potions
 d - a potion of might


   Skills:
 + Level 3.9 Fighting
 * Level 3.5 Polearms
 - Level 3.2 Armour
 - Level 3.6 Shields


You had 3 spell levels left.
You didn't know any spells.
Your spell library was empty.

Dungeon Overview and Level Annotations

Branches:
Dungeon (2/15)

Altars:
Makhleb


Innate Abilities, Weirdness & Mutations

You cannot be hasted, slowed, berserked, paralysed or teleported.
You can dig through walls and to a lower floor.
You have a pair of large antennae on your head. (SInv)
Your four strong arms can wield two-handed weapons with a shield.


Message History

The adder is moderately wounded.
The adder barely misses you. The adder bites you.
The adder bites you but does no damage. You block the adder's attack.
You barely miss the adder.
The adder is moderately wounded.
The adder bites you.
You are poisoned.
The adder poisons you! You block the adder's attack. The adder bites you.
You are more poisoned.
The adder poisons you! The adder bites you. x2
You are more poisoned.
The adder poisons you! You block the adder's attack.
There are monsters nearby!
There are monsters nearby!
You are too injured to fight recklessly!
You feel very sick.
You see here a hobgoblin corpse.
* * * LOW HITPOINT WARNING * * *
You feel very sick. You block the adder's attack.
* * * LOW HITPOINT WARNING * * *
You feel sick.
* * * LOW HITPOINT WARNING * * *
You feel sick.
It was a potion of brilliance.
You feel clever all of a sudden.
You feel sick. The adder closely misses you.
Okay, then.
You feel sick. The adder bites you but does no damage.
You feel sick.
You feel sick.
You feel sick. You block the adder's attack.
You extend your mandibles.
You dig through the rock wall.
You feel sick.
You are no longer poisoned.
The adder bites you but does no damage.
You dig through the rock wall.
The adder bites you but does no damage.
You retract your mandibles.
You miss the adder. You block the adder's attack. The adder bites you.
You die...

###....##.....#...##..#
........)..)..#....... ##
###..........#.....#.. .
#..................
###+####........#...#.#.#..
#...............#...++#....
##......#.)....S{#..... ..
........#.....#S####....
........#.....##@# ....
..................# ###
....................
..###.................
...#<.................#
†......†................
......#.................
......#..........#......
......#..........


You could see 2 adders.

Vanquished Creatures
  2 dart slugs
  A worm (D:2)
  3 bats (D:1)
  4 endoplasms (D:1)
  A giant cockroach (D:2)
  6 goblins
  2 hobgoblins (D:2)
  4 jackals (D:1)
  3 quokkas (D:1)
  2 ball pythons
  4 frilled lizards (D:1)
  5 kobolds
  3 rats (D:1)
40 creatures vanquished.

Notes
Turn   | Place    | Note
-------+----------+-------------------------------------------
     0 | D:1      | Delamore the Formicid Fighter began the quest for the Orb.
     0 | D:1      | Reached XP level 1. HP: 18/18 MP: 1/1
   121 | D:1      | Reached XP level 2. HP: 12/24 MP: 2/2
   634 | D:1      | Reached XP level 3. HP: 30/30 MP: 3/3
   934 | D:1      | Found a faded altar of an unknown god.
  1185 | D:1      | Became a worshipper of Makhleb the Destroyer
  1185 | D:1      | Reached * piety under Makhleb
  1413 | D:2      | Identified a scroll of acquirement
  1413 | D:2      | Acquired 918 gold pieces
  1490 | D:2      | Reached XP level 4. HP: 37/37 MP: 4/4
  1521 | D:2      | Slain by an adder

Illustrated notes

Levels and vault maps discovered:
D:1:      psy_arrival_radial01, layout_basic, hellmonk_ecumenical_altar_blasted
D:2:      layout_basic, uniq_crazy_yiuf_cottage

Skill      XL: |  1  2  3 |
---------------+----------+-----
Polearms       | 3 |  3.5
Fighting       | |  3.9
Armour         | |  3.2
Shields        | |  3.6

Action                   |  1- 3 |  4- 6 || total
-------------------------+-------+-------++-------
Melee: Trident           |   126 |     7 ||   133
 Abil: Dig               |     1 |     1 ||     2
  Use: Scroll            |     2 |       ||     2
       Potion            |       |     1 ||     1
Armor: Scale mail        |    43 |     5 ||    48
Dodge: Dodged            |    27 |     2 ||    29
Block: Kite shield       |    55 |     8 ||    63

Table legend: (Time is in decaauts)
 A = Elapsed time spent in this place.
 B = Non-inter-level travel time spent in this place.
 C = Inter-level travel time spent in this place.
 D = Time resting spent in this place.
 E = Time spent auto-exploring this place.
 F = Levels seen in this place.
 G = Mean time per level.
                   A        B        C        D        E       F      G
               +--------+--------+--------+--------+--------+-----+--------+
         Total |   1568 |   1532 |     36 |    333 |    878 |   2 |  784.0 |
       Dungeon |   1568 |   1532 |     36 |    333 |    878 |   2 |  784.0 |
               +--------+--------+--------+--------+--------+-----+--------+

Top non-repeatable levels by time:
     D:1: 1441 daAuts
     D:2: 126 daAuts
